 Dungeon Crawl Stone Soup version 0.19-GnollCrawlA-1-g03664ee (webtiles) character file.

136 asalami the Charlatan (level 1, -3/15 HPs)
             Began as a Formicid Artificer on Feb 14, 2017.
             Slain by a gnoll
             ... wielding a +0 halberd
              (8 damage)
             ... on level 5 of the Realm of Zot.
             The game lasted 00:20:13 (2254 turns).

asalami the Charlatan (Formicid Artificer)          Turns: 2254, Time: 00:20:14

Health: -3/15      AC:  8    Str: 16    XL:     1   Next: 0%
Magic:  3/3        EV:  6    Int: 10    God:
Gold:   128        SH:  3    Dex: 11    Spells: 0 memorised, 0 levels left

rFire  . . .     SeeInvis +     a - +0 short sword
rCold  . . .     Gourm    .     n - +0 chain mail
rNeg   . . .     Faith    .     h - +0 buckler
rPois  .         Spirit   .     (helmet unavailable)
rElec  .         Dismiss  .     (no cloak)
rCorr  .         Reflect  .     (no gloves)
SustAt .         Harm     +     (no boots)
MR     .....                    b - amulet of harm
Stlth  ..........               (no ring)
                                (no ring)

@:
A: permanent stasis, dig shafts and tunnels, four strong arms, antennae 3
a: Dig, Shaft Self


You were on level 5 of the Realm of Zot.
You were very full.

You visited 3 branches of the dungeon, and saw 18 of its levels.

You collected 128 gold pieces.

Inventory:

Hand Weapons
 a - a +0 short sword (weapon)
 q - a +0 hunting sling
Armour
 h - a +0 buckler (worn)
 n - a +0 chain mail (worn)
Jewellery
 b - an amulet of harm (around neck)
Wands
 c - a wand of flame (0/48)
 d - a wand of enslavement (1/24)
 e - a wand of random effects (0/48)
Scrolls
 j - 2 scrolls of remove curse
 k - a scroll of amnesia
 l - 2 scrolls of recharging {unknown}
 u - 3 scrolls of immolation {unknown}
Potions
 g - 2 potions of flight {unknown}
 i - a potion of agility {unknown}
 m - a potion of curing {unknown}
 o - a potion of heal wounds {unknown}
 s - 2 potions of mutation {unknown}
Books
 r - a book of Spatial Translocations

   Spells                             Type                      Level
   a - Apportation                    Translocation                1
   b - Blink                          Translocation                2
   c - Shroud of Golubria             Charms/Translocation         2
   d - Portal Projectile              Translocation                3
   e - Teleport Other                 Translocation                3
   f - Passage of Golubria            Translocation                4
Comestibles
 f - a bread ration
 p - 5 royal jellies
 t - a meat ration


   Skills:
 + Level 1.1 Fighting
 + Level 1.0 Short Blades
 + Level 1.7 Dodging
 + Level 1.2 Stealth
 + Level 3.2 Evocations


You couldn't memorise any spells.
You didn't know any spells.

Dungeon Overview and Level Annotations

Branches:
Dungeon (15/15)            Depths (5/5) D:15            Zot (4/5) Depths:5
 Temple: D:1-2         Lair: D:8-11         Orc: D:9-12      Vaults: D:13-14

Altars:

Shops:
Depths:5 %

Portals:
Hell: Depths:5


Innate Abilities, Weirdness & Mutations

You are under a permanent stasis effect.
You can dig through walls and to a lower floor.
Your four strong arms can wield two-handed weapons with a shield.
You have a pair of large antennae on your head. (SInv)


Message History

The gnoll shouts!
The gnoll hits you but does no damage.
You see here a gnoll corpse.
The gnoll hits you.
The gnoll hits you from afar with a spear.
You see here a club.
The gnoll shouts!
The gnoll hits you. The gnoll hits you.
A gnoll comes into view. It is wielding a halberd.
The gnoll shouts!
A gnoll comes into view.
The gnoll shouts!
A gnoll comes into view.
The gnoll shouts!
The gnoll hits you with a halberd. The gnoll hits you but does no damage.
The gnoll barely misses you. The gnoll hits you with a halberd!
Ouch! That really hurt!
You die...

##......).. {
g.........## #.........
...........# ##.÷......
...........# #.)......
...g.......# ##÷.......
...........# #.........
...........# ##..)......
...........###.......)..
......g@..###g..########
......g.g##.{..##
.........gg..###
##▓▓▓▓#▓▓▓▓▓▓# {{ { { {


You could see 7 gnolls.

Vanquished Creatures
  9 gnolls
9 creatures vanquished.

Vanquished Creatures (collateral kills)
  7 gnolls (Zot:5)
7 creatures vanquished.

Vanquished Creatures (others)
  A hound (Zot:5)
  3 gnolls
4 creatures vanquished.

Grand Total: 20 creatures vanquished

Notes
Turn   | Place    | Note
-------+----------+-------------------------------------------
     0 | D:1      | asalami the Formicid Artificer began the quest for the Orb.
     0 | D:1      | Reached XP level 1. HP: 15/15 MP: 3/3
    44 | D:1      | You fall through a shaft!
   116 | D:2      | You fall through a shaft for 2 floors!
   140 | D:5      | Entered Level 5 of the Dungeon
   285 | D:5      | You fall through a shaft for 2 floors!
   602 | D:7      | You fall through a shaft for 2 floors!
   688 | D:9      | You fall through a shaft!
   688 | D:10     | Entered Level 10 of the Dungeon
   751 | D:10     | You fall through a shaft!
   955 | D:11     | You fall through a shaft for 3 floors!
  1095 | D:14     | You fall through a shaft!
  1095 | D:15     | Entered Level 15 of the Dungeon
  1172 | D:15     | Found a staircase to the Depths.
  1181 | Depths:1 | Entered Level 1 of the Depths
  1193 | Depths:2 | You fall through a shaft!
  1245 | Depths:3 | You fall through a shaft for 2 floors!
  1245 | Depths:5 | Entered Level 5 of the Depths
  1376 | Depths:5 | Found Sateeq's Food Shop.
  1394 | Depths:5 | Found a gateway to Hell.
  1442 | Depths:5 | Found a gate to the Realm of Zot.
  1599 | Zot:1    | Entered Level 1 of the Realm of Zot
  1635 | Zot:1    | You fall through a shaft!
  1638 | Zot:2    | You fall through a shaft for 2 floors!
  1649 | Zot:4    | You fall through a shaft!
  1649 | Zot:5    | Entered Level 5 of the Realm of Zot
  1988 | Zot:5    | Noticed a gnoll sergeant
  2010 | Zot:5    | Noticed a hound
  2010 | Zot:5    | a gnoll changed into a hound
  2254 | Zot:5    | Slain by a gnoll

Action                   || total
-------------------------++-------
Melee: Short sword       ||     5
 Abil: Shaft Self        ||    13
       Dig               ||     2
Evoke: Wand              ||    44
  Use: Scroll            ||     5
 Stab: Paralysed         ||     3
  Eat: Royal jelly       ||     2
Armor: Chain mail        ||    12
Dodge: Dodged            ||     6
Block: Buckler           ||     2
